 Dungeon Crawl Stone Soup version 0.29-a0-297-g7659ce593d (webtiles) character file.

Game seed: 16800161992152519433

130 kae the Firebug (level 5, -1/30 HPs)
             Began as a Tengu Fire Elementalist on Mar 20, 2022.
             Slain by a river rat (4 damage)
             ... on level 3 of the Dungeon.
             The game lasted 00:01:09 (2627 turns).

kae the Firebug (Tengu Fire Elementalist)           Turns: 2627, Time: 00:01:09

Health: -1/30      AC:  4    Str:  8    XL:     5   Next: 13%
Magic:  4/10       EV: 14    Int: 17    God:
Gold:   113        SH:  0    Dex: 15    Spells: 8/9 levels left

rFire   . . .      SeeInvis .   g - +0 spear
rCold   . . .      Faith    .   (no shield)
rNeg    . . .      Spirit   .   a - +1 robe
rPois   .          Reflect  .   (helmet restricted)
rElec   .          Harm     .   f - +0 cloak
rCorr   .          Rampage  .   (no gloves)
Will    .....                   (boots unavailable)
Stlth   ++........              (no amulet)
HPRegen 0.10/turn               (no ring)
MPRegen 0.12/turn               (no ring)

@: flying quickly and evasively, hasted, very quick
A: beak, talons 3, nimble flight
a: no special abilities


You were on level 3 of the Dungeon.
You visited 1 branch of the dungeon, and saw 3 of its levels.

You collected 113 gold pieces.

Inventory:

Hand Weapons
 g - a +0 spear (weapon)
Armour
 a - a +1 robe (worn)
 f - a +0 cloak (worn)
Jewellery
 e - a ring of ice
 h - a ring of flight
Wands
 d - a wand of paralysis (12)
 l - a wand of acid (9)
Scrolls
 j - 2 scrolls of teleportation
Potions
 b - 3 potions of magic
 c - a potion of flight
 k - a potion of cancellation {unknown}
 m - a potion of heal wounds {unknown}


   Skills:
 + Level 1.9 Fighting
 - Level 2.1 Dodging
 - Level 2.0 Stealth
 + Level 2.7 Spellcasting
 + Level 2.9 Conjurations
 * Level 4.6 Fire Magic


You had 8 spell levels left.
You knew the following spells:

 Your Spells              Type           Power      Damage    Failure   Level
a - Foxfire               Conj/Fire      60%        2x1d7     3%          1

Your spell library contained the following spells:

 Spells                   Type           Power      Damage    Failure   Level
 Scorch                   Fire           36%        2d6       4%          2
 Magic Dart               Conj           48%        1d5       5%          1
 Conjure Flame            Conj/Fire      15%        6-21      11%         3
 Inner Flame              Hex/Fire       10%        N/A       21%         3
 Call Imp                 Summ           2%         N/A       26%         2
 Mephitic Cloud           Conj/Pois/Air  5%         N/A       34%         3
 Flame Wave               Conj/Fire      15%        2d6       36%         4


Dungeon Overview and Level Annotations

Branches:
Dungeon (3/15)

Altars:
Nemelex Xobeh
Qazlal


Innate Abilities, Weirdness & Mutations

You have a beak for a mouth.
You have claws for feet.
Your magical nature lets you fly swiftly and evasively.


Message History

The rat is engulfed in a cloud of scalding steam.
You kill the rat!
You are engulfed in a cloud of scalding steam.
You feel sick.
You are no longer poisoned.
Casting: Foxfire (safe; 3% risk of failure)
Confirm with . or Enter, or press ? or * to list all spells.
You conjure some foxfire!
You are engulfed in a cloud of scalding steam.
* * * LOW HITPOINT WARNING * * *
The foxfire hits the adder.
The adder is moderately wounded.
The adder hisses angrily.
The foxfire hits the adder.
The adder is moderately wounded.
The adder is engulfed in a cloud of scalding steam.
The foxfire hits the adder.
The adder is almost dead.
Casting: Foxfire (safe; 3% risk of failure)
Confirm with . or Enter, or press ? or * to list all spells.
You conjure some foxfire!
The adder is engulfed in a cloud of scalding steam.
You kill the adder!
You start resting.
Your foxfire dissipates! x2
A river rat comes into view.
The river rat moves out of view.
You start resting.
A river rat is nearby!
The river rat twitches its whiskers.
Casting: Foxfire (safe; 3% risk of failure)
Confirm with . or Enter, or press ? or * to list all spells.
You conjure some foxfire!
The river rat closely misses you. The river rat bites you.
* * * LOW HITPOINT WARNING * * *
The foxfire hits the river rat but does no damage.
It was a potion of haste.
You feel yourself speed up.
Your foxfire dissipates!
The river rat bites you.
You die...

..# ########'###....#.....
#.# #.........##....#.####
#.####.........##....#.# #
#...§.....†....##....#.# #
#...§..≈.......##....#'####
#..≈§≈≈≈≈≈......##.......##
##.≈≈#§#≈####....##..†....##
#..≈≈≈§§§§§≈#...§...........
#..########@#.............##
#.## #≈≈≈§r§##........(...#
#. #≈#≈#####............# ..
#≈ #.......###### ##. #≈
#.......# .. #≈ #.###.#.# ..
## .. ....#


You could see a river rat.

Vanquished Creatures
  A hound (D:3)
  5 adders
  A worm (D:3)
  A dart slug (D:3)
  An orc (D:3)
  5 ball pythons
  3 endoplasms
  4 giant cockroaches
  5 goblins
  2 hobgoblins
  7 jackals
  A quokka (D:1)
  5 bats
  A frilled lizard (D:1)
  7 rats
49 creatures vanquished.

Vanquished Creatures (others)
  84 foxfires
84 creatures vanquished.

Grand Total: 133 creatures vanquished

Notes
Turn   | Place    | Note
-------+----------+-------------------------------------------
     0 | D:1      | kae the Tengu Fire Elementalist began the quest for the
                  | Orb.
     0 | D:1      | Reached XP level 1. HP: 10/10 MP: 4/4
     0 | D:1      | Noticed a ghoul
     0 | D:1      | Noticed a vine stalker
     1 | D:1      | Noticed a troll
     6 | D:1      | Noticed a vine stalker
     8 | D:1      | Noticed a spriggan
     9 | D:1      | Noticed a barachi
    11 | D:1      | Noticed an elf
    11 | D:1      | Noticed a dwarf
    13 | D:1      | Noticed a human
    15 | D:1      | Noticed a gargoyle
    15 | D:1      | Noticed a demigod
    17 | D:1      | Noticed a demonspawn
    17 | D:1      | Noticed a vampire
    21 | D:1      | Noticed a ghoul
   172 | D:1      | Reached XP level 2. HP: 4/16 MP: 3/6
  1114 | D:2      | Reached skill level 1 in Fighting
  1114 | D:2      | Reached XP level 3. HP: 18/20 MP: 5/7
  1458 | D:2      | Reached skill level 4 in Fire Magic
  1774 | D:2      | Reached XP level 4. HP: 25/25 MP: 6/8
  2437 | D:3      | Found a faded altar of an unknown god.
  2455 | D:3      | Found a stormy altar of Qazlal.
  2455 | D:3      | Found a sparkling altar of Nemelex Xobeh.
  2613 | D:3      | Gained mutation: Your magical nature lets you fly swiftly
                  | and evasively. [Tengu growth]
  2613 | D:3      | Reached XP level 5. HP: 23/30 MP: 7/10
  2627 | D:3      | Slain by a river rat

Illustrated notes

Levels and vault maps discovered:
D:1:      shiori_arrival_whats_in_store_for_you, layout_loops_ring
D:2:      layout_rooms
D:3:      layout_basic, chequers_temple_overflow_statue_of_worship,
          lightli_sewer_entry_pipes, dilly_ecumenical_altar_fadedgnrine,
          kennysheep_pointless_box, uniq_terence

Skill      XL: |  1  2  3 |
---------------+----------+-----
Conjurations   | 2 |  2.9
Fighting       | 1 |  1.9
Fire Magic     | 4 |  4.6
Dodging        | |  2.1
Stealth        | |  2.0
Spellcasting   | |  2.7

Action                   |  1- 3 |  4- 6 || total
-------------------------+-------+-------++-------
Melee: Spear             |    65 |    21 ||    86
       Kick              |    19 |     4 ||    23
       Peck              |     6 |       ||     6
 Cast: Foxfire           |    28 |    25 ||    53
  Use: Scroll            |     2 |     2 ||     4
       Potion            |       |     1 ||     1
 Stab: Sleeping          |     5 |       ||     5
Armor: Robe              |    21 |     5 ||    26
Dodge: Dodged            |    55 |    21 ||    76

Table legend: (Time is in decaauts)
 A = Elapsed time spent in this place.
 B = Non-inter-level travel time spent in this place.
 C = Inter-level travel time spent in this place.
 D = Time resting spent in this place.
 E = Time spent auto-exploring this place.
 F = Levels seen in this place.
 G = Mean time per level.
                   A        B        C        D        E       F      G
               +--------+--------+--------+--------+--------+-----+--------+
         Total |   2640 |   2619 |     21 |      1 |   2222 |   3 |  880.0 |
       Dungeon |   2640 |   2619 |     21 |      1 |   2222 |   3 |  880.0 |
               +--------+--------+--------+--------+--------+-----+--------+

Top non-repeatable levels by time:
     D:1: 1082 daAuts
     D:2: 899 daAuts
     D:3: 658 daAuts
